 Dungeon Crawl Stone Soup version 0.23-a0-586-gacb4b3f4ce (webtiles) character file.

17897 Multipenetrator the Earth Mage (level 12, -3/74 HPs)
             Began as a Human Earth Elementalist on Dec 18, 2018.
             Was a Priest of Fedhas.
             Slain by a hell rat (16 damage)
             ... on level 2 of the Lair of Beasts.
             The game lasted 02:43:14 (14734 turns).

Multipenetrator the Earth Mage (HuEE)              Turns: 14734, Time: 02:43:15

Health: -3/74      AC:  8    Str: 10    XL:     12   Next: 88%
Magic:  3/31       EV: 12    Int: 19    God:    Fedhas [***...]
Gold:   545        SH:  0    Dex: 14    Spells: 9/25 levels left

rFire    + . .     SeeInvis .   L - staff of wizardry
rCold    . . .     Gourm    .   (no shield)
rNeg     . . .     Faith    .   c - +0 robe
rPois    .         Spirit   .   (no helmet)
rElec    .         Reflect  .   Z - +1 cloak
rCorr    .         Harm     .   x - +0 pair of gloves
MR       .....                  M - +2 pair of boots
Stlth    ++........             (no amulet)
HPRegen  0.22/turn              o - ring of protection from fire
MPRegen  0.22/turn              J - ring of magical power

@: lethally poisoned (-3 -> -9), drained
A: no striking features
a: Fungal Bloom, Sunlight, Evolution, Growth, Renounce Religion


You were on level 2 of the Lair of Beasts.
You worshipped Fedhas.
Fedhas was most pleased with you.
You were very hungry.

You visited 3 branches of the dungeon, and saw 15 of its levels.

You collected 545 gold pieces.

Inventory:

Hand Weapons
 t - a +4 scimitar of flaming
 Y - the +7 short sword "Pualoop" {flame, Str+2}
   (You took it off a centaur on level 2 of the Lair of Beasts)

   It has been specially enchanted to burn those struck by it, causing extra
   injury to most foes and up to half again as much damage against particularly
   susceptible opponents.
   It affects your strength (+2).
Missiles
 p - 2 throwing nets
 w - 81 stones (quivered)
 z - 4 poisoned javelins
Armour
 c - a +0 robe (worn)
 x - a +0 pair of gloves (worn)
 M - a +2 pair of boots (worn)
 Z - a +1 cloak (worn)
Magical Staves
 L - an uncursed staff of wizardry (weapon)
 U - an uncursed staff of fire
Jewellery
 o - a ring of protection from fire (left hand)
 y - an uncursed ring of flight
 I - an uncursed ring of fire
 J - a ring of magical power (right hand)
Wands
 m - a wand of disintegration (8)
 n - a wand of paralysis (9)
 C - a wand of clouds (4)
 S - a wand of enslavement (3)
 X - a wand of iceblast (6)
Scrolls
 b - 4 scrolls of remove curse
 h - a scroll of magic mapping
 i - a scroll of enchant weapon {unknown}
 k - 2 scrolls of blinking
 s - a scroll of enchant armour
 v - 3 scrolls of teleportation
 A - 3 scrolls of fog
 D - a scroll of summoning
 E - a scroll of identify
 G - 3 scrolls of fear
 O - 4 scrolls of amnesia {unknown}
 P - a scroll of vulnerability {unknown}
 Q - a scroll of noise {unknown}
 R - a scroll of torment {unknown}
 W - a scroll of immolation {unknown}
Potions
 a - 3 potions of lignification
 e - 2 potions of agility {unknown}
 f - 3 potions of flight
 g - 5 potions of brilliance
 j - 5 potions of might
 l - 4 potions of invisibility
 q - 2 potions of heal wounds
 r - 2 potions of ambrosia {unknown}
 u - 3 potions of curing
 B - a potion of berserk rage {unknown}
 F - a potion of degeneration {unknown}
 H - 2 potions of haste {unknown}
 K - a potion of mutation {unknown}
 T - 2 potions of magic {unknown}
 V - 4 potions of resistance {unknown}
Comestibles
 d - 9 rations


   Skills:
 - Level 2.0(1.7) Dodging
 - Level 2.0(1.7) Stealth
 - Level 7.0(6.7) Spellcasting
 * Level 2.4(2.2) Conjurations
 - Level 7.6(7.3) Transmutations
 + Level 16.3(16.0) Earth Magic
 - Level 0.1(0.0) Invocations


You had 9 spell levels left.
You knew the following spells:

 Your Spells              Type           Power        Failure   Level  Hunger
a - Sandblast             Erth           ######       0%          1    None
b - Passwall              Tmut/Erth      ######..     1%          2    None
c - Petrify               Tmut/Erth      ######..     1%          4    ####...
d - Lee's Rapid Deconstr  Erth           ######....   1%          5    #####..
e - Sting                 Conj/Pois      ##..         2%          1    None
s - Stone Arrow           Conj/Erth      #####.       1%          3    ##.....

Your spell library contained the following spells:

 Spells                   Type           Power        Failure   Level  Hunger
 Leda's Liquefaction      Hex/Erth       #####.....   1%          4    ####...
 Animate Skeleton         Necr           N/A          4%          1    None
 Corona                   Hex            #......      4%          1    None
 Pain                     Necr           #...         4%          1    None
 Ignite Poison            Fire/Tmut/Pois ###.....     4%          3    ##.....
 Poisonous Vapours        Pois/Air       #.....       6%          2    None
 Slow                     Hex            #.......     6%          2    None
 Mephitic Cloud           Conj/Pois/Air  #.......     9%          3    ##.....
 Bolt of Magma            Conj/Fire/Erth ####......   10%         5    #####..
 Inner Flame              Hex/Fire       #.......     12%         3    ##.....
 Portal Projectile        Hex/Tloc       #.....       12%         3    ##.....
 Regeneration             Chrm/Necr      #.........   12%         3    ##.....
 Vampiric Draining        Necr           #.........   12%         3    ##.....
 Iron Shot                Conj/Erth      #####.....   16%         6    #######
 Animate Dead             Necr           N/A          38%         4    ####...
 Cause Fear               Hex            #.........   38%         4    ####...
 Olgreb's Toxic Radiance  Pois           #.......     38%         4    ####...
 Fireball                 Conj/Fire      ##........   56%         5    #####..
 Iskenderun's Battlesphe  Conj/Chrm      ##......     56%         5    #####..
 Venom Bolt               Conj/Pois      ##........   56%         5    #####..
 Bolt of Fire             Conj/Fire      ##........   98%         6    #######
 Orb of Destruction       Conj           ##........   100%        7    #######
 Ring of Flames           Chrm/Fire      #.........   100%        7    #######
 Spellforged Servitor     Conj/Summ      ##........   100%        7    #######
 Ignition                 Fire           #.........   100%        8    #######


Dungeon Overview and Level Annotations

Branches:
Dungeon (12/15)            Temple (1/1) D:6            Lair (2/6) D:8
 Shoals (0/4) Lair:2          Orc (0/2) D:12
  Snake: Lair:2-4    Spider: Lair:2-4

Altars:
Ashenzari
Cheibriados
Dithmenos
Elyvilon
Fedhas
Gozag
Hepliaklqana
Kikubaaqudgha
Makhleb
Nemelex Xobeh
Okawaru
Qazlal
Ru
Sif Muna
Trog
Uskayaw
Vehumet
Wu Jian
Xom
Yredelemnul
Zin
The Shining One

Annotations:
D:12 Frances


Message History

You feel sick.
A rat comes into view.
Found 7 sling bullets.
As you read the scroll of fear, it crumbles to dust.
You assume a fearsome visage.
The river rat looks frightened!
The hell rat is unaffected. x2; The rat looks frightened!
The hell rat is unaffected.
The rat looks frightened!
The hippogriff looks frightened!
The water moccasin looks frightened!
You feel sick.
A porcupine comes into view.
The hell rat bites you.
* * * LOW HITPOINT WARNING * * *
You feel drained.
You feel sick.
Found a ration.
You feel sick.
The hell rat roars deafeningly!
The hell rat bites you!
You die...
Fedhas appreciates your contribution to the ecosystem.

#..# # ####'.# .## .
....HS .... #.. ....# ...
##.## #...##.%% ##
##...## ##'r'.#.## #
#.##.'.#.#####.....r#.#.#
#..............pr.......
##...........##.#r....).#
P...........÷P###........
.÷P...[..###.r......PP...
##..<....# ##.rr.%.......
#..+.#### #...P...PPP..
###...# #.#...P.....P.
##.## ####...PP..... #+#
....PP.>.P.


You could see a hippogriff (fleeing), a water moccasin (fleeing), 3 hell rats
and a porcupine.

Vanquished Creatures
  The ghost of Skallagrim the Thaumaturge, a journeyman DEEE of Vehumet (D:12)
  2 hydras
  Erica (Lair:1)
  A two-headed ogre (D:12)
  Nergalle (Lair:1)
  Pikel (D:9)
  An ugly thing (D:11)
  2 black mambas
  Joseph (D:10)
  Maurice (D:11)
  3 spiny frogs
  3 komodo dragons
  A dream sheep (D:8)
  3 blink frogs (Lair:1)
  A hippogriff (D:10)
  A shadow (D:11)
  9 yaks
  A wyvern (D:9)
  Grum (D:10)
  A water moccasin (Lair:2)
  4 ice beasts
  A porcupine (Lair:2)
  3 orc warriors
  2 sky beasts
  2 slaves (D:9)
  A phantom (D:10)
  A black bear (D:6)
  4 ogres
  2 wolves (D:10)
  12 centaurs
  3 crocodiles
  5 big kobolds
  11 bullfrogs
  A wandering mushroom (D:11)
  A wyvern zombie (D:6)
  A wyvern skeleton (D:5)
  A water moccasin skeleton (D:8)
  2 scorpions
  16 wights
  4 crimson imps
  A quasit (D:6)
  3 bullfrog zombies
  5 orc priests
  3 hounds
  Crazy Yiuf (D:2)
  3 centaur skeletons
  12 orc wizards
  2 gnoll shamans
  6 iguanas
  11 worker ants
  A hell rat (Lair:2)
  2 hound zombies
  A hound skeleton (D:8)
  A worker ant zombie (D:5)
  15 gnolls
  9 adders
  2 shadow imps (D:8)
  2 white imps (D:12)
  An adder zombie (D:6)
  2 worms
  2 dart slugs
  7 leopard geckos
  34 orcs
  6 bats
  4 giant cockroaches
  6 goblins
  7 hobgoblins
  16 jackals
  17 kobolds
  5 quokkas
  A ball python (D:1)
  7 frilled lizards
  2 leopard gecko zombies (D:9)
  A quokka skeleton (D:5)
  A quokka zombie (D:9)
  12 rats
324 creatures vanquished.

Vanquished Creatures (collateral kills)
  A centaur zombie (D:10)
  A dream sheep (D:8)
  2 yaks (D:10)
  An orc warrior (D:9)
  A slave (D:9)
  A black bear (D:11)
  An ogre (D:8)
  A crocodile (Lair:1)
  2 adders (D:11)
  2 orcs
  A kobold (D:10)
14 creatures vanquished.

Vanquished Creatures (others)
  7 wandering mushrooms
  A fungus (Lair:2)
  29 plants
  156 toadstools
193 creatures vanquished.

Grand Total: 531 creatures vanquished

Notes
Turn   | Place    | Note
-------+----------+-------------------------------------------
     0 | D:1      | Multipenetrator the Human Earth Elementalist began the
                  | quest for the Orb.
     0 | D:1      | Reached XP level 1. HP: 13/13 MP: 3/3
   256 | D:1      | Reached XP level 2. HP: 19/19 MP: 3/5
   266 | D:1      | Learned a level 2 spell: Passwall
   724 | D:1      | Reached XP level 3. HP: 24/24 MP: 4/6
  1224 | D:2      | Reached skill level 4 in Earth Magic
  1224 | D:2      | Reached XP level 4. HP: 30/30 MP: 4/8
  1492 | D:2      | Found a blossoming altar of Fedhas.
  1501 | D:2      | Became a worshipper of Fedhas Madash
  1718 | D:2      | Found a runed door.
  1722 | D:2      | Noticed Crazy Yiuf
  1734 | D:2      | Killed Crazy Yiuf
  1734 | D:2      | Reached XP level 5. HP: 23/35 MP: 4/9
  2197 | D:3      | Learned a level 4 spell: Petrify
  2424 | D:3      | Noticed a centaur
  2441 | D:3      | Killed a centaur
  2441 | D:3      | Reached XP level 6. HP: 36/41 MP: 4/11
  2583 | D:3      | Reached * piety under Fedhas
  3218 | D:5      | Entered Level 5 of the Dungeon
  3221 | D:5      | Found a stormy altar of Qazlal.
  3513 | D:5      | Reached skill level 5 in Earth Magic
  3513 | D:5      | Reached XP level 7. HP: 46/46 MP: 8/12
  4131 | D:6      | Reached skill level 6 in Earth Magic
  4353 | D:6      | Found a staircase to the Ecumenical Temple.
  4360 | Temple   | Entered the Ecumenical Temple
  4463 | D:6      | Reached XP level 8. HP: 52/52 MP: 10/13
  4471 | D:6      | Learned a level 5 spell: Lee's Rapid Deconstruction
  4750 | D:6      | Reached skill level 7 in Earth Magic
  4803 | D:6      | Reached skill level 5 in Transmutations
  5457 | D:7      | Reached skill level 8 in Earth Magic
  5645 | D:7      | Reached XP level 9. HP: 57/57 MP: 14/14
  5795 | D:7      | Reached skill level 9 in Earth Magic
  5848 | D:7      | Learned a level 3 spell: Stone Arrow
  6489 | D:8      | Reached skill level 10 in Earth Magic
  6744 | D:8      | Reached ** piety under Fedhas
  7030 | D:8      | Reached skill level 11 in Earth Magic
  7030 | D:8      | Reached XP level 10. HP: 63/63 MP: 13/15
  7038 | D:8      | Noticed a three-headed hydra
  7050 | D:8      | Killed a three-headed hydra
  7050 | D:8      | Reached skill level 12 in Earth Magic
  7681 | D:8      | Noticed a komodo dragon
  7698 | D:8      | Killed a komodo dragon
  7912 | D:8      | Found a staircase to the Lair.
  8064 | D:9      | Reached skill level 13 in Earth Magic
  8080 | D:9      | Found a shimmering altar of Xom.
  8097 | D:9      | Noticed Pikel
  8427 | D:9      | Killed Pikel
  8427 | D:9      | Reached XP level 11. HP: 61/68 MP: 1/16
  8710 | D:9      | Found a radiant altar of Vehumet.
  8913 | D:9      | Found a bloodstained altar of Trog.
  8915 | D:9      | Found a shattered altar of Ashenzari.
  8919 | D:9      | Found a glowing golden altar of the Shining One.
  8923 | D:9      | Found a basalt altar of Yredelemnul.
  9024 | D:10     | Entered Level 10 of the Dungeon
  9026 | D:10     | Reached skill level 14 in Earth Magic
  9080 | D:10     | Reached *** piety under Fedhas
  9123 | D:10     | Noticed Grum
  9131 | D:10     | Killed Grum
  9518 | D:10     | Noticed Joseph
 10162 | D:10     | Killed Joseph
 10873 | D:11     | Reached skill level 15 in Earth Magic
 11061 | D:11     | Noticed a white ugly thing
 11071 | D:11     | Killed a white ugly thing
 11086 | D:11     | Noticed Maurice
 11438 | D:11     | Killed Maurice
 11859 | D:12     | Noticed a four-headed hydra
 11863 | D:12     | Killed a four-headed hydra
 11863 | D:12     | Reached skill level 5 in Spellcasting
 11863 | D:12     | Reached XP level 12. HP: 74/74 MP: 8/19
 12057 | D:12     | Found a runed door.
 12057 | D:12     | Noticed Skallagrim's ghost (journeyman DEEE)
 12149 | D:12     | Killed Skallagrim's ghost
 12566 | D:12     | Noticed a two-headed ogre
 12581 | D:12     | Killed a two-headed ogre
 12734 | D:12     | Noticed Frances
 13010 | Lair:1   | Entered Level 1 of the Lair of Beasts
 13170 | Lair:1   | Noticed Erica
 13249 | Lair:1   | Killed Erica
 13391 | Lair:1   | Learned a level 1 spell: Sting
 13534 | Lair:1   | Noticed Nergalle
 13554 | Lair:1   | Killed Nergalle
 13554 | Lair:1   | Reached skill level 1 in Conjurations
 13721 | Lair:1   | Reached skill level 16 in Earth Magic
 14528 | Lair:2   | Identified the +7 short sword "Pualoop" {flame, Str+2}
 14725 | Lair:2   | Found a staircase to the Shoals.
 14734 | Lair:2   | Slain by a hell rat

Vault maps used:
D:1:      evilmike_arrival_rings
D:2:      fedhas_altar_2, uniq_crazy_yiuf_cottage
D:3:      first_ration
D:4:      dk_rats_in_the_wall
D:5:      grunt_qazlal_clouds
D:6:      temple_statues, nrook_campfire
D:7:      hangedman_abyss_or_decor_jellyfish_corner, grunt_decor_one_mirror
D:8:      david_lair_shrubbed, hangedman_ranch, minmay_diced_spiral
D:9:      old_standard_altar, kennysheep_little_box, minitemple, uniq_pikel
D:10:     uniq_joseph, uniq_grum
D:11:     uniq_maurice
D:12:     david_orc_5, gammafunk_ghost_grave, portal_ice_cave_entry_imps,
          kennysheep_big_empty_room, serial_bayou_crossing, uniq_frances
Temple:   eino_temple_water
Lair:1:   uniq_nergalle, uniq_erica
Lair:2:   minmay_shoals_entry_centaurs, kennysheep_abandoned_house

Skill      XL: |  1  2  3  4  5  6  7  8  9 10 11 12 |
---------------+-------------------------------------+-----
Earth Magic    | 4 5 6 8 11 13 15 16 | 16.3
Spellcasting   | 3 5 7 |  7.0
Transmutations | 3 4 5 6 7 |  7.6
Conjurations   | 2 |  2.4
Dodging        | |  2.0
Stealth        | |  2.0
Invocations    | |  0.1

Action                   |  1- 3 |  4- 6 |  7- 9 | 10-12 || total
-------------------------+-------+-------+-------+-------++-------
Melee: Quarterstaff      |       |    28 |   124 |    95 ||   247
       Flail             |       |       |       |    45 ||    45
       Scimitar          |       |       |       |    25 ||    25
Throw: Stone             |     1 |    11 |       |       ||    12
       Throwing net      |       |       |       |     3 ||     3
 Cast: Sandblast         |    35 |    87 |   122 |   124 ||   368
       Passwall          |     2 |     1 |     4 |    10 ||    17
       Petrify           |       |     4 |    15 |    47 ||    66
       Stone Arrow       |       |       |    13 |    59 ||    72
       Lee's Rapid Decon |       |       |     4 |    84 ||    88
Invok: Fungal Bloom      |       |    22 |    18 |    34 ||    74
       Sunlight          |       |       |     2 |     1 ||     3
       Evolution         |       |       |     1 |     8 ||     9
Evoke: Wand              |       |       |     1 |     2 ||     3
  Use: Scroll            |       |     8 |     3 |     9 ||    20
       Potion            |       |       |       |     2 ||     2
 Stab: Petrified         |       |     3 |    50 |    57 ||   110
       Paralysed         |       |       |     7 |     2 ||     9
       Petrifying        |       |       |     1 |     1 ||     2
       Invisible         |       |       |       |     2 ||     2
  Eat: Chunk             |     1 |     4 |     6 |    27 ||    38
       Ration            |       |     1 |     4 |    10 ||    15
Armor: Robe              |       |    10 |    24 |    53 ||    87
Dodge: Dodged            |     3 |    37 |    69 |   123 ||   232
       Rpst.: Scimitar   |       |       |       |     2 ||     2

Table legend:
 A = Non-vault XP
 B = Vault XP
 C = Vault XP percentage of total XP
 D = Non-vault monster count
 E = Vault monster count
 F = Vault count percentage of total count
                 A         B        C        D         E       F
            +---------+---------+-------+---------+---------+-------
      Total |   17773 |    7795 |  30.5 |     299 |      35 |  10.5
            +---------+---------+-------+---------+---------+-------
        D:1 |      31 |       0 |   0.0 |      18 |       0 |   0.0
        D:2 |      74 |      40 |  35.1 |      21 |       1 |   4.5
        D:3 |     234 |       0 |   0.0 |      28 |       0 |   0.0
        D:4 |     133 |       0 |   0.0 |       6 |       0 |   0.0
        D:5 |     213 |       0 |   0.0 |       9 |       0 |   0.0
        D:6 |     845 |       0 |   0.0 |      23 |       0 |   0.0
        D:7 |     905 |       0 |   0.0 |      25 |       0 |   0.0
        D:8 |    1726 |    2294 |  57.1 |      49 |      12 |  19.7
        D:9 |    1743 |     663 |  27.6 |      29 |       1 |   3.3
       D:10 |    3119 |     842 |  21.3 |      37 |       4 |   9.8
       D:11 |    1812 |     445 |  19.7 |      22 |       1 |   4.3
       D:12 |    3003 |     977 |  24.5 |      16 |       3 |  15.8
     Lair:1 |    2369 |    1577 |  40.0 |      10 |       2 |  16.7
     Lair:2 |    1566 |     957 |  37.9 |       6 |      11 |  64.7
            +---------+---------+-------+---------+---------+-------
